 Dungeon Crawl Stone Soup version 0.26-a0-812-g31a745ddcd (webtiles) character file.

Game seed: 11559743524002347075

112748 nuthulu the Tortoise (level 16, -2/108 HPs)
             Began as a Gargoyle Fighter on Dec 9, 2020.
             Was the Champion of Okawaru.
             Slain by an eight-headed hydra simulacrum (11 damage)
             ... on level 4 of the Swamp.
             The game lasted 00:40:35 (26861 turns).

nuthulu the Tortoise (Gargoyle Fighter)            Turns: 26861, Time: 00:40:37

Health: -2/108     AC: 49    Str: 24    XL:     16   Next: 61%
Magic:  22/22      EV:  8    Int: 16    God:    Okawaru [******]
Gold:   2301       SH: 16    Dex: 14    Spells: 15/15 levels left

rFire    . . .     SeeInvis .   r - +5 flail (freeze)
rCold    + . .     Faith    .   c - +2 kite shield
rNeg     + + .     Spirit   .   i - +3 plate armour "Etirgh" {+Fly rC+ MR++ Stlth+}
rPois    ∞         Reflect  .   o - +0 helmet
rElec    +         Harm     .   x - +2 ratskin cloak {*Rats rPois rN+ Str-1 Int-1 Dex+1}
rCorr    +         Rampage  .   q - +2 pair of gloves {Str+3}
MR       ++++.                  I - +3 pair of boots "Pogh" {rCorr}
Stlth    ..........             S - amulet of regeneration
HPRegen  0.68/turn              z - ring of protection from magic
MPRegen  0.18/turn              b - ring of Gesmi {AC+4 Int+7 Slay+6}

@: flying
A: big wings, negative energy resistance 1, electricity resistance, unbreathing,
petrification resistance, rot immunity, AC +12
a: Stop Flying, Heroism, Finesse, Renounce Religion


You were on level 4 of the Swamp.
You worshipped Okawaru.
Okawaru was exalted by your worship.
You visited 5 branches of the dungeon, and saw 24 of its levels.

You collected 2860 gold pieces.
You spent 559 gold pieces at shops.

Inventory:

Hand Weapons
 r - a +5 flail of freezing (weapon)
Armour
 c - a +2 kite shield (worn)
 i - the +3 plate armour "Etirgh" (worn) {+Fly rC+ MR++ Stlth+}
   (Okawaru gifted it to you on level 1 of the Swamp)

   It protects you from cold.
   It affects your resistance to hostile enchantments.
   It lets you fly.
   It makes you more stealthy.
 o - a +0 helmet (worn)
 q - a +2 pair of gloves of strength (worn)
 x - the +2 ratskin cloak (worn) {*Rats rPois rN+ Str-1 Int-1 Dex+1}
   (You found it on level 6 of the Dungeon)

   It affects your strength (-1).
   It affects your intelligence (-1).
   It affects your dexterity (+1).
   It protects you from poison.
   It protects you from negative energy.
 I - the +3 pair of boots "Pogh" (worn) {rCorr}
   (Okawaru gifted it to you on level 2 of the Lair of Beasts)

   It provides partial protection from all sources of acid and corrosion.
Jewellery
 b - the ring of Gesmi (right hand) {AC+4 Int+7 Slay+6}
   (You found it on level 10 of the Dungeon)

   [ring of protection]

   It affects your AC (+4).
   It affects your intelligence (+7).
   It affects your accuracy and damage with ranged weapons and melee attacks
   (+6).
 y - an uncursed ring of resist corrosion
 z - a ring of protection from magic (left hand)
 A - an uncursed ring of protection from fire
 B - an uncursed ring of fire
 Q - an uncursed ring of positive energy
 R - a +4 ring of protection
 S - an amulet of regeneration (around neck)
 T - a +6 ring of intelligence
 V - an uncursed ring of fire
Wands
 a - a wand of iceblast (41)
 m - a wand of acid (22)
 w - a wand of disintegration (33)
 J - a wand of paralysis (12)
 L - a wand of random effects (23)
 M - a wand of flame (30)
 O - a wand of enslavement (9)
Scrolls
 f - 6 scrolls of remove curse
 n - 5 scrolls of magic mapping
 p - 10 scrolls of teleportation
 s - 2 scrolls of holy word
 u - 3 scrolls of fog
 G - a scroll of fear
 H - 3 scrolls of identify
 K - 2 scrolls of amnesia
 N - 3 scrolls of summoning
Potions
 d - 2 potions of might
 e - 2 potions of flight
 g - 13 potions of curing
 h - 3 potions of berserk rage
 j - 3 potions of lignification
 l - a potion of cancellation
 t - a potion of haste
 v - a potion of ambrosia
 C - a potion of mutation
 D - a potion of magic
 E - 2 potions of resistance
 F - 3 potions of brilliance
 P - 4 potions of invisibility


   Skills:
 + Level 15.5 Fighting
 - Level 14.0 Maces & Flails
 + Level 15.5 Armour
 - Level 15.2 Shields
 + Level 8.3 Invocations


You had 15 spell levels left.
You didn't know any spells.
Your spell library contained the following spells:

 Spells                   Type           Power        Failure   Level
 Apportation              Tloc           #.....       88%         1
 Beastly Appendage        Tmut           #.....       88%         1
 Foxfire                  Conj/Fire      #...         88%         1
 Magic Dart               Conj           #...         88%         1
 Blink                    Tloc           N/A          96%         2
 Call Imp                 Summ           #.......     96%         2
 Slow                     Hex            #.......     96%         2
 Wereblood                Tmut           #.......     96%         2
 Conjure Flame            Conj/Fire      #.......     99%         3
 Ignite Poison            Fire/Tmut/Pois #.......     99%         3
 Inner Flame              Hex/Fire       #.......     99%         3
 Lesser Beckoning         Tloc           #.........   99%         3
 Mephitic Cloud           Conj/Pois/Air  #.......     99%         3
 Spider Form              Tmut/Pois      #.........   99%         3
 Tukima's Dance           Hex            #.......     99%         3
 Ice Form                 Ice/Tmut       #.......     100%        4
 Petrify                  Tmut/Erth      #.......     100%        4
 Sticky Flame             Conj/Fire      #.......     100%        4
 Alistair's Intoxication  Tmut/Pois      #........    100%        5
 Blade Hands              Tmut           #.........   100%        5
 Fireball                 Conj/Fire      #.........   100%        5
 Irradiate                Conj/Tmut      #.........   100%        5
 Metabolic Englaciation   Hex/Ice        #.........   100%        5
 Eringya's Noxious Bog    Tmut/Pois      #.........   100%        6
 Freezing Cloud           Conj/Ice/Air   #.........   100%        6
 Invisibility             Hex            #.......     100%        6
 Ozocubu's Refrigeration  Ice            #.........   100%        6
 Simulacrum               Ice/Necr       #.........   100%        6
 Sublimation of Blood     Necr           Unusable     N/A         2

Dungeon Overview and Level Annotations

Branches:
Dungeon (11/15)            Temple (1/1) D:6            Lair (6/6) D:11
  Swamp (4/4) Lair:2       Spider (0/4) Lair:2        Slime (0/5) Lair:5
    Orc (2/2) D:10            Elf (0/3) Orc:2

Altars:
Ashenzari
Cheibriados
Dithmenos
Elyvilon
Fedhas
Okawaru
Qazlal
Xom
Beogh
Jiyva

Shops:
D:4 ([   D:10 ?   Orc:2 *[*[}

Annotations:
D:9 1 runed translucent door
D:10 3 runed translucent doors, Megustar's ghost, novice DEAE
Lair:1 exclusion: 2 oklob plants


Innate Abilities, Weirdness & Mutations

You are resistant to torment.
Your stone body is resilient. (AC +12)
You are immune to poison.
Your large and strong wings let you fly indefinitely.
You resist negative energy. (rN+)
You are resistant to electric shocks. (rElec)
You can survive without breathing.
You are immune to petrification.
You are immune to rotting.


Message History

The 27-headed hydra skeleton bites you but does no damage. x3
You block the 27-headed hydra skeleton's attack.
You sock the 27-headed hydra skeleton!
You destroy the 27-headed hydra skeleton!
Okawaru accepts your kill.
Unknown command.
You bludgeon the eight-headed hydra simulacrum!!
The eight-headed hydra simulacrum is heavily damaged.
The eight-headed hydra simulacrum bites you but does no damage.
The eight-headed hydra simulacrum bites you!
* * * LOW HITPOINT WARNING * * *
The eight-headed hydra simulacrum freezes you!
You resist.
* * * LOW HITPOINT WARNING * * *
You block the eight-headed hydra simulacrum's attack. x2
The eight-headed hydra simulacrum bites you!
* * * LOW HITPOINT WARNING * * *
The eight-headed hydra simulacrum freezes you!
You resist.
You die...

.≈≈≈...♣ .......♣♣
♣♣♣♣.♣≈.!$..♣♣
♣♣.♣.♣≈♣.≈≈...♣♣
♣♣≈.........♣≈..♣
♣♣.§.....♣......♣
♣.≈.≈..≈..≈≈≈.≈.♣
♣♣.♣..≈.≈..≈(♣≈♣ ♣♣♣♣ ♣
♣...≈@Z≈...♣ ♣♣..♣♣♣♣♣♣
♣♣.♣†#♣...##
♣.≈≈≈.♣..♣♣♣.≈.♣##♣≈≈##
♣≈≈≈≈.≈..♣..≈.#♣ #...≈♣
♣.≈≈≈≈♣♣♣).≈.♣# #§≈♣f.#
♣.≈≈≈≈♣♣♣♣[≈♣♣
#..♣ZZ§.♣ ≈.≈.....♣♣÷♣#
♣...≈♣≈.≈♣ .....≈≈≈♣♣≈#
≈...♣.≈≈.f≈♣
≈..≈≈≈§.♣###
#≈.♣♣.♣♣♣♣f.♣


You could see an eight-headed hydra simulacrum.

Vanquished Creatures
  Jorgrun (Swamp:2)
  The ghost of Dracia the Destroyer, a journeyman DrCj of Vehumet (Lair:6)
  Aizul (Swamp:2)
  A hydra skeleton (Swamp:4)
  2 vampire knights (Swamp:4)
  6 bunyips
  3 eleionomae
  An ettin (Orc:2)
  Josephine (Orc:2)
  A yaktaur captain (D:10)
  13 hydras
  2 boulder beetles
  2 ghost crabs
  Erica (D:11)
  The ghost of Danir the Spear-Bearer, a journeyman DsFi of Okawaru (Orc:2)
  An ice dragon (Lair:6)
  4 two-headed ogres
  4 death yaks
  5 alligators
  8 orc high priests (Orc:2)
  A goliath frog (Swamp:3)
  4 spriggan druids
  4 bog bodies
  An orange crystal statue (D:9)
  10 swamp dragons
  A flayed ghost (Swamp:4)
  A spectral hydra (Swamp:4)
  A phantasmal warrior (Swamp:4)
  Pikel (D:6)
  3 lindwurms (Lair:6)
  3 orc sorcerers (Orc:2)
  2 ugly things
  2 manticores
  A salamander (shapeshifter) (D:10)
  2 cyclopes
  2 will-o-the-wisps
  5 torpor snails (Lair:6)
  A black mamba (Lair:2)
  An elephant (D:11)
  2 gargoyles
  8 cane toads
  A kobold demonologist (D:11)
  5 rime drakes
  7 komodo dragons
  2 ice devils (Lair:6)
  2 freezing wraiths (Swamp:4)
  A hydra zombie (Swamp:4)
  An anaconda simulacrum (Lair:4)
  2 polar bears
  A bloated husk (Swamp:3)
  A jumping spider (Lair:2)
  3 trolls
  15 hornets
  4 death drake zombies (Swamp:4)
  7 tyrant leeches
  27 blink frogs
  3 wraiths (Orc:2)
  3 redbacks (Lair:2)
  15 wyverns
  11 spriggans
  13 basilisks
  53 yaks
  5 wargs (Orc:2)
  6 vampire mosquitoes
  2 chaos spawn (D:11)
  14 swamp worms
  11 water moccasins
  3 hydra simulacra
  7 swamp drakes
  17 orc warriors
  7 sky beasts
  3 necrophages (D:9)
  2 black bears
  7 ogres
  A swamp dragon skeleton (Swamp:4)
  2 swamp dragon zombies (Swamp:4)
  2 phantoms
  4 wolves (Lair:3)
  2 centaurs
  2 lemures (D:7)
  3 big kobolds
  12 bullfrogs
  A cane toad simulacrum (Lair:4)
  2 wyvern zombies
  A wyvern skeleton (D:10)
  7 scorpions
  10 killer bees
  A blink frog simulacrum (Lair:4)
  13 wights
  2 electric eels (D:10)
  6 howler monkeys
  2 bullfrog zombies (D:9)
  6 hounds
  44 orc priests
  2 centaur skeletons
  A bullfrog skeleton (D:9)
  5 iguanas
  9 hell rats
  9 worker ants
  17 orc wizards
  A killer bee zombie (D:9)
  A bullfrog simulacrum (Lair:4)
  A hound skeleton (D:8)
  A mummy (D:9)
  A howler monkey zombie (D:7)
  4 river rats (D:6)
  6 adders
  8 gnolls
  A shadow imp (D:9)
  4 white imps
  3 ufetubi
  An ooze (D:4)
  2 adder zombies (D:5)
  3 adder skeletons
  A worm (D:3)
  2 dart slugs
  10 leopard geckos
  102 orcs
  13 giant cockroaches
  10 goblins
  9 hobgoblins
  8 jackals
  21 kobolds
  5 quokkas
  4 bats (D:3)
  4 frilled lizards
  A jackal skeleton (D:4)
  A quokka zombie (D:5)
  19 rats
789 creatures vanquished.

Vanquished Creatures (collateral kills)
  A freezing wraith (D:10)
  A swamp worm (Swamp:2)
  A warg (Orc:2)
  A howler monkey skeleton (D:10)
4 creatures vanquished.

Vanquished Creatures (others)
  A bloated husk (Swamp:4)
  A spriggan (Swamp:4)
  A yak (Lair:2)
  2 swamp worms
  2 bullfrogs (Lair:2)
  An orc wizard (Orc:2)
  An orc (D:10)
  12 foxfires
  22 fungi
  73 plants
  3 withered plants (D:9)
119 creatures vanquished.

Grand Total: 912 creatures vanquished

Notes
Turn   | Place    | Note
-------+----------+-------------------------------------------
     0 | D:1      | nuthulu the Gargoyle Fighter began the quest for the Orb.
     0 | D:1      | Reached XP level 1. HP: 14/14 MP: 1/1
   126 | D:1      | Reached XP level 2. HP: 19/19 MP: 2/2
   573 | D:2      | Reached XP level 3. HP: 24/24 MP: 3/3
  1210 | D:3      | Reached XP level 4. HP: 30/30 MP: 4/4
  1815 | D:3      | Reached XP level 5. HP: 34/34 MP: 5/5
  2087 | D:3      | Reached skill level 5 in Fighting
  2228 | D:4      | Found Wisitwa's Armour Emporium.
  2340 | D:4      | Found a shimmering altar of Xom.
  2345 | D:4      | Noticed an ogre
  2448 | D:4      | Found Cesoa's Weapon Shoppe.
  2466 | D:4      | Reached XP level 6. HP: 34/40 MP: 6/6
  2679 | D:4      | Reached skill level 5 in Maces & Flails
  2984 | D:5      | Entered Level 5 of the Dungeon
  3029 | D:5      | Reached XP level 7. HP: 30/47 MP: 7/7
  4188 | D:6      | Found a staircase to the Ecumenical Temple.
  4212 | Temple   | Entered the Ecumenical Temple
  4244 | Temple   | Became a worshipper of Warmaster Okawaru
  4312 | D:6      | Reached XP level 8. HP: 36/53 MP: 8/8
  5049 | D:6      | Reached * piety under Okawaru
  5059 | D:6      | Found the +2 ratskin cloak {*Rats rPois rN+ Str-1 Int-1
                  | Dex+1}
  5553 | D:7      | Reached XP level 9. HP: 60/60 MP: 9/9
  5672 | D:7      | Reached ** piety under Okawaru
  5875 | D:7      | Noticed Pikel
  6088 | D:6      | Killed Pikel
  6088 | D:6      | Reached skill level 10 in Fighting
  6622 | D:8      | Noticed a two-headed ogre
  6720 | D:7      | Killed a two-headed ogre
  6720 | D:7      | Reached *** piety under Okawaru
  6720 | D:7      | Reached skill level 10 in Maces & Flails
  6720 | D:7      | Reached XP level 10. HP: 47/69 MP: 7/11
  6873 | D:8      | Noticed a two-headed ogre
  6918 | D:8      | Killed a two-headed ogre
  7603 | D:10     | Entered Level 10 of the Dungeon
  7926 | D:9      | Reached **** piety under Okawaru
  8259 | D:9      | Noticed a two-headed ogre
  8269 | D:9      | Killed a two-headed ogre
  8269 | D:9      | Reached skill level 5 in Invocations
  8411 | D:9      | Found a runed translucent door.
  8434 | D:9      | Noticed an orange crystal statue
  8435 | D:9      | Found a runed translucent door.
  8435 | D:9      | Found a runed translucent door.
  8448 | D:9      | Found a runed translucent door.
  8472 | D:9      | Killed an orange crystal statue
  8472 | D:9      | Reached ***** piety under Okawaru
  8472 | D:9      | Reached XP level 11. HP: 73/76 MP: 9/15
  8909 | D:9      | Noticed a two-headed ogre
  8919 | D:9      | Killed a two-headed ogre
  9427 | D:10     | Received a gift from Okawaru
  9769 | D:10     | Found Bael's Magic Scroll Shoppe.
  9791 | D:10     | Bought a scroll of enchant weapon for 120 gold pieces
  9792 | D:10     | Bought a scroll of blinking for 120 gold pieces
  9792 | D:10     | Bought a scroll of identify for 32 gold pieces
  9792 | D:10     | Bought a scroll of identify for 32 gold pieces
 10109 | D:10     | Found a staircase to the Orcish Mines.
 10423 | D:10     | Found a runed translucent gate.
 10423 | D:10     | Found a runed translucent gate.
 10424 | D:10     | Found a runed translucent gate.
 10433 | D:10     | Noticed Megustar's ghost (novice DEAE)
 10681 | D:10     | Noticed a six-headed hydra
 10688 | D:10     | Killed a six-headed hydra
 10732 | D:10     | Noticed a manticore
 10763 | D:10     | Killed a manticore
 10769 | D:10     | Noticed a boulder beetle
 10789 | D:10     | Killed a boulder beetle
 11044 | D:10     | Noticed a yaktaur captain
 11203 | D:10     | Killed a yaktaur captain
 11203 | D:10     | Received a gift from Okawaru
 11205 | D:10     | Got a crude granite ring
 11403 | D:10     | Noticed a cyclops
 11411 | D:10     | Killed a cyclops
 11411 | D:10     | Reached XP level 12. HP: 69/84 MP: 14/17
 11939 | D:11     | Noticed Erica
 11942 | D:11     | Identified the ring of Gesmi {AC+4 Int+7 Slay+6} (You found
                  | it on level 10 of the Dungeon)
 11959 | D:11     | Killed Erica
 12182 | D:11     | Found a shimmering altar of Xom.
 12183 | D:11     | Found the +7 mace of Variability {chain chaos}
 12316 | D:11     | Found a staircase to the Lair.
 12441 | D:11     | Noticed a boulder beetle
 12480 | D:11     | Killed a boulder beetle
 13019 | Lair:1   | Entered Level 1 of the Lair of Beasts
 13133 | Lair:1   | Reached skill level 15 in Fighting
 13435 | Lair:1   | Received a gift from Okawaru
 13691 | Lair:1   | Noticed a seven-headed hydra
 13704 | Lair:1   | Killed a seven-headed hydra
 13704 | Lair:1   | Reached skill level 5 in Shields
 13704 | Lair:1   | Reached XP level 13. HP: 90/92 MP: 15/18
 14162 | Lair:2   | Reached ****** piety under Okawaru
 14196 | Lair:2   | Reached skill level 5 in Armour
 14245 | Lair:2   | Received a gift from Okawaru
 14280 | Lair:2   | Identified the +3 pair of boots "Pogh" {rCorr} (Okawaru
                  | gifted it to you on level 2 of the Lair of Beasts)
 14702 | Lair:2   | Found a hole to the Spider Nest.
 14867 | Lair:2   | Found a staircase to the Swamp.
 15214 | Lair:3   | Found a white marble altar of Elyvilon.
 16342 | Lair:4   | Found a transporter.
 16421 | Lair:4   | Found a transporter.
 16765 | Lair:4   | Gained mutation: Your large and strong wings let you fly
                  | indefinitely. [Gargoyle growth]
 16765 | Lair:4   | Reached XP level 14. HP: 93/98 MP: 17/19
 16874 | Lair:4   | Received a gift from Okawaru
 16905 | Lair:4   | Reached skill level 10 in Shields
 17402 | Lair:5   | Reached skill level 10 in Armour
 17409 | Lair:5   | Got a heavily runed brass ring
 17411 | Lair:5   | Identified the cursed ring of Yxtyuken {rC- EV-4 Int+4
                  | Stlth+} (You found it on level 5 of the Lair of Beasts)
 17631 | Lair:5   | Found a viscous altar of Jiyva.
 17632 | Lair:5   | Found a staircase to the Slime Pits.
 18481 | Lair:6   | Entered Level 6 of the Lair of Beasts
 18578 | Lair:6   | Received a gift from Okawaru
 18859 | Lair:6   | Found a frozen archway.
 19126 | Lair:6   | Noticed Dracia's ghost (journeyman DrCj)
 19127 | Lair:6   | Found a runed translucent door.
 19172 | Lair:6   | Killed Dracia's ghost
 19490 | Lair:6   | Found a runed translucent door.
 20581 | Orc:1    | Entered Level 1 of the Orcish Mines
 20993 | Orc:2    | Entered Level 2 of the Orcish Mines
 21007 | Orc:2    | Found a large runed translucent door.
 21008 | Orc:2    | Found a large runed translucent door.
 21161 | Orc:2    | Noticed Danir's ghost (journeyman DsFi)
 21180 | Orc:2    | Killed Danir's ghost
 21180 | Orc:2    | Reached XP level 15. HP: 103/103 MP: 20/20
 21234 | Orc:2    | Noticed Josephine
 21248 | Orc:2    | Killed Josephine
 21570 | Orc:2    | Found a staircase to the Elven Halls.
 21582 | Orc:2    | Received a gift from Okawaru
 22067 | Orc:2    | Found Nesutoge's Mass Market.
 22118 | Orc:2    | Found Oneihor's Antique Armour Boutique.
 22118 | Orc:2    | Found Fiseclaf's Assorted Antiques.
 22165 | Orc:2    | Bought a pair of embroidered gloves for 255 gold pieces
 22185 | Orc:2    | Found a roughly hewn altar of Beogh.
 22203 | Orc:2    | Found Ebletewe's Antique Armour Boutique.
 22203 | Orc:2    | Found Wouruxt's Gadget Emporium.
 23074 | Swamp:1  | Entered Level 1 of the Swamp
 23310 | Swamp:1  | Received a gift from Okawaru
 23313 | Swamp:1  | Got a jewelled plate armour {god gift}
 23339 | Swamp:1  | Identified the +3 plate armour "Etirgh" {+Fly rC+ MR++
                  | Stlth+} (Okawaru gifted it to you on level 1 of the Swamp)
 24295 | Swamp:2  | Noticed Aizul
 24327 | Swamp:2  | Killed Aizul
 24528 | Swamp:2  | Noticed Jorgrun
 24542 | Swamp:2  | Killed Jorgrun
 25227 | Swamp:3  | Received a gift from Okawaru
 25227 | Swamp:3  | Reached XP level 16. HP: 61/108 MP: 21/21
 25619 | Swamp:3  | Reached skill level 15 in Shields
 25866 | Swamp:4  | Entered Level 4 of the Swamp
 25964 | Swamp:4  | Reached skill level 15 in Armour
 26476 | Swamp:4  | Noticed a thorn hunter
 26480 | Swamp:4  | Noticed a thorn hunter
 26488 | Swamp:4  | HP: 5/108 [27-headed hydra skeleton (7)]
 26861 | Swamp:4  | Slain by an eight-headed hydra simulacrum

Illustrated notes

Levels and vault maps discovered:
D:1:      zaba_arrival_water, layout_loops_ring
D:2:      layout_loops_ring
D:3:      cheibrodos_old_hovel, layout_loops_ring
D:4:      layout_loops_cross, lemuel_round_altar, serial_shops, shop,
          nicolae_shop_statue_plus
D:5:      layout_loops_ring, lexackson_kobold_supper
D:6:      wander_guarded_unrand_ratskin, layout_loops_ring,
          minmay_temple_entry_overgrown
D:7:      layout_rooms, uniq_pikel
D:8:      layout_cave_pools
D:9:      layout_layer_cave, serial_undead, serial_undead_f, serial_undead_b,
          serial_undead_d, serial_undead_a, enter_bailey_3,
          minmay_statue_crystal_thing
D:10:     layout_loops_ring, erik_orc_2, serial_shops, nicolae_shop_trees,
          gammafunk_ghost_necromancy, st_stairs_2, minmay_evil_grid
D:11:     layout_loops_ring, david_lair_generic,
          minmay_guarded_unrand_variability, uniq_erica
Temple:   minmay_crystal_snake_temple
Lair:1:   layout_regular_city, lemuel_fruit_tree, infiniplex_staircase_pool,
          minmay_lair_oklob_chamber, grunt_megastairs_2
Lair:2:   layout_cave_shapes, minmay_swamp_entry_reptiles,
          nicolae_spider_entry_tight_spaces, serial_bayou_shore_b,
          grunt_megastairs_1
Lair:3:   layout_regular_city, basic_altar, kennysheep_basilisk_garden,
          grunt_megastairs_5, serial_bayou_shore_b
Lair:4:   gammafunk_cloud_chamber, layout_misc_corridors
Lair:5:   layout_small_grid, dpeg_slime_entry_enclosed_altar, special_room
          [special_room_mythical_zoo], serial_bayou_shore_b, grunt_megastairs_4
Lair:6:   wormcave, layout_regular_city, hellmonk_ghost_happy_afterlife,
          portal_ice_cave_demonic_guard
Swamp:1:  layout_basic_swamp, evilmike_swamp_ruin_rubble_1, swamp_pool2
Swamp:2:  layout_falls_marsh, hangedman_swamp_ruin_wall, swamp_pool1,
          uniq_aizul, uniq_jorgrun
Swamp:3:  layout_basic_swamp, nicolae_swamp_triple_paths
Swamp:4:  byrel_swamp_growth_death_and_undeath, layout_basic_swamp,
          infiniplex_staircase_pool_2
Orc:1:    layout_diamond_mine
Orc:2:    st_orc_town, layout_caves, ebering_ghost_disaster_area,
          minmay_shop_mass, uniq_josephine

Skill      XL: |  1  2  3  4  5  6  7  8  9 10 11 12 13 14 15 16 |
---------------+-------------------------------------------------+-----
Fighting       | 4 5 6 7 9 11 12 13 15 | 15.5
Maces & Flails | 3 4 5 6 8 10 11 12 14 | 14.0
Invocations    | 2 6 7 8 |  8.3
Shields        | 5 9 12 14 15 | 15.2
Armour         | 4 9 12 14 15 | 15.5

Action                   |  1- 3 |  4- 6 |  7- 9 | 10-12 | 13-15 | 16-18 || total
-------------------------+-------+-------+-------+-------+-------+-------++-------
Melee: Flail             |    87 |   203 |   392 |   748 |  1258 |   363 ||  3051
Throw: Throwing net      |       |     1 |     2 |     3 |       |       ||     6
Invok: Heroism           |       |       |     1 |    10 |     3 |       ||    14
       Finesse           |       |       |       |     3 |     1 |       ||     4
 Abil: Evoke Flight      |       |       |     1 |     1 |       |       ||     2
       Fly               |       |       |       |       |     1 |       ||     1
  Use: Scroll            |     4 |     6 |     8 |    14 |    16 |     5 ||    53
       Potion            |       |       |       |     1 |     3 |     2 ||     6
 Stab: Held in net/web   |       |     1 |       |     2 |       |       ||     3
       Paralysed         |       |       |       |     2 |       |       ||     2
       Distracted        |       |       |       |       |     2 |       ||     2
       Confused          |       |       |       |       |     3 |       ||     3
Armor: Scale mail        |    43 |   127 |   220 |   268 |       |       ||   658
       Plate armour      |       |       |       |   214 |   797 |   518 ||  1529
       Skin              |       |       |       |     1 |     5 |       ||     6
Dodge: Dodged            |    24 |    71 |   133 |   165 |   223 |   137 ||   753
Block: Kite shield       |    34 |   104 |   184 |   399 |   810 |   323 ||  1854

Table legend: (Time is in decaauts)
 A = Elapsed time spent in this place.
 B = Non-inter-level travel time spent in this place.
 C = Inter-level travel time spent in this place.
 D = Time resting spent in this place.
 E = Time spent auto-exploring this place.
 F = Levels seen in this place.
 G = Mean time per level.
                   A        B        C        D        E       F      G
               +--------+--------+--------+--------+--------+-----+--------+
         Total |  26469 |  25516 |    953 |   6790 |  12692 |  24 | 1102.9 |
       Dungeon |  13113 |  12620 |    493 |   3459 |   5941 |  11 | 1192.1 |
        Temple |     55 |     32 |     23 |      0 |     28 |   1 |   55.0 |
          Lair |   7405 |   7097 |    308 |   1232 |   4521 |   6 | 1234.2 |
         Swamp |   3600 |   3521 |     79 |   1132 |   1565 |   4 |  900.0 |
  Orcish Mines |   2294 |   2246 |     48 |    967 |    636 |   2 | 1147.0 |
               +--------+--------+--------+--------+--------+-----+--------+

Top non-repeatable levels by time:
    D:10: 2722 daAuts
  Lair:6: 1907 daAuts
   Orc:2: 1778 daAuts
     D:9: 1488 daAuts
     D:6: 1436 daAuts
    D:11: 1259 daAuts
  Lair:5: 1245 daAuts
 Swamp:1: 1219 daAuts
  Lair:1: 1165 daAuts
  Lair:3: 1162 daAuts
     D:5: 1131 daAuts
     D:7: 1034 daAuts
     D:3: 1032 daAuts
  Lair:2: 1030 daAuts
     D:8: 965 daAuts
